 Dungeon Crawl Stone Soup version 0.25.0-1-g7eea58d (webtiles) character file.

Game seed: 11312347303665785210

11 tizzy the Slasher (level 2, -5/22 HPs)
             Began as a Demonspawn Gladiator on June 14, 2020.
             Killed by nerve-wracking pain
             ... invoked by Jessica
              (14 damage)
             ... on level 2 of the Dungeon.
             The game lasted 00:01:18 (1071 turns).

tizzy the Slasher (Demonspawn Gladiator)            Turns: 1071, Time: 00:01:19

Health: -5/22      AC:  6    Str: 14    XL:     2   Next: 17%
Magic:  2/2        EV: 12    Int:  9    God:
Gold:   54         SH:  0    Dex: 14    Spells: 1/1 levels left

rFire    . . .     SeeInvis .   a - +0 long sword
rCold    . . .     Gourm    .   (no shield)
rNeg     . . .     Faith    .   j - +0 leather armour (curse)
rPois    .         Spirit   .   c - +0 helmet
rElec    .         Reflect  .   (no cloak)
rCorr    .         Harm     .   (no gloves)
MR       .....                  (no boots)
Stlth    +.........             (no amulet)
HPRegen  0.07/turn              (no ring)
MPRegen  0.08/turn              (no ring)

@: no status effects
A: iridescent scales 1
a: no special abilities


You were on level 2 of the Dungeon.
You were not hungry.

You visited 1 branch of the dungeon, and saw 2 of its levels.

You collected 54 gold pieces.

Inventory:

Hand Weapons
 a - a +0 long sword (weapon)
Armour
 b - a +0 leather armour
 c - a +0 helmet (worn)
 j - a cursed +0 leather armour (worn)
Scrolls
 e - a scroll of remove curse {unknown}
 i - a scroll of identify {unknown}
 l - a scroll of fear {unknown}
Potions
 g - a potion of heal wounds {unknown}
 h - a potion of resistance {unknown}
Comestibles
 f - a ration
 k - a chunk of flesh


   Skills:
 - Level 2.0 Fighting
 * Level 3.3 Long Blades
 - Level 1.7 Throwing
 - Level 2.6 Dodging


You had one spell level left.
You didn't know any spells.
Your spell library was empty.

Dungeon Overview and Level Annotations

Branches:
Dungeon (2/15)

Altars:
Fedhas

Annotations:
D:2 exclusion: oklob plant, Jessica


Innate Abilities, Weirdness & Mutations

You are partially covered in iridescent scales. (AC +2)


Message History

You throw a throwing net. The throwing net hits Jessica.
Jessica is caught in the net!
Jessica struggles against the net. x2
You are too injured to fight recklessly!
You are too injured to fight recklessly!
You are too injured to fight recklessly!
You slash Jessica!
Jessica is severely wounded.
Jessica struggles against the net.
Jessica mumbles some strange words.
Jessica blinks!
Throwing (i - inventory)
d - a throwing net (quivered)
Press: ? - help, Shift-Dir - straight line, f/p - Jessica
Aim: Jessica, wielding a +0 club and wearing a +0 robe (severely wounded, fast)
You throw a throwing net.
The throwing net closely misses Jessica.
You are too injured to fight recklessly!
Jessica gestures at you while chanting. Pain shoots through your body!
Ouch! That really hurt!
You die...

.............########
#####....)...........
##..รท....########
#.@........#####
#....#####......
##.### ####### #.#
##########.#
)(..@..@.#.#
##........(#
#.#.###.#.# # #.#.#
#..## ..## ##. #


You could see Jessica (fast).

Vanquished Creatures
  4 bats
  A giant cockroach (D:1)
  2 hobgoblins
  A frilled lizard (D:1)
  2 rats (D:1)
10 creatures vanquished.

Notes
Turn   | Place    | Note
-------+----------+-------------------------------------------
     0 | D:1      | tizzy the Demonspawn Gladiator began the quest for the Orb.
     0 | D:1      | Reached XP level 1. HP: 16/16 MP: 1/1
   287 | D:1      | Reached skill level 3 in Long Blades
   887 | D:2      | Gained mutation: You are partially covered in iridescent
                  | scales. (AC +2) [demonic ancestry]
   887 | D:2      | Reached XP level 2. HP: 20/22 MP: 2/2
   961 | D:2      | Found a blossoming altar of Fedhas.
   984 | D:2      | Noticed an oklob plant
  1053 | D:2      | Noticed Jessica
  1071 | D:2      | Killed from afar by Jessica

Illustrated notes

Levels and vault maps discovered:
D:1:      minmay_arrival_three_doors, layout_basic
D:2:      layout_loops_ring, lemuel_doored_altar, lemuel_round_altar,
          tgw_fedhas, uniq_jessica

Skill      XL: |  1 |
---------------+----+-----
Long Blades    | 3 |  3.3
Fighting       | |  2.0
Throwing       | |  1.7
Dodging        | |  2.6

Action                   || total
-------------------------++-------
Melee: Long sword        ||    32
Throw: Throwing net      ||     3
 Stab: Sleeping          ||     1
Armor: Leather armour    ||    14
Dodge: Dodged            ||    23
       Rpst.: Long sword ||     5
